 Dungeon Crawl Stone Soup version 0.19.1-1-g22dce08 (webtiles) character file.

73 theAP the Ruffian (level 4, -2/44 HPs)
             Began as a Troll Fighter on Jan 15, 2017.
             Was an Initiate of Okawaru.
             Slain by an orc
             ... wielding a +0 club
              (5 damage)
             ... on level 3 of the Dungeon.
             The game lasted 00:02:19 (1297 turns).

theAP the Ruffian (Troll Fighter)                   Turns: 1297, Time: 00:02:20

Health: -2/44      AC:  5    Str: 25    XL:     4   Next: 8%
Magic:  3/3        EV:  8    Int:  4    God:    Okawaru [......]
Gold:   31         SH:  8    Dex:  9    Spells: 0 memorised, 3 levels left

rFire  . . .     SeeInvis .       - Unarmed
rCold  + . .     Gourm    +     a - +0 robe
rNeg   . . .     Faith    .     b - +0 shield
rPois  .         Spirit   .     (helmet restricted)
rElec  .         Reflect  .     (no cloak)
rCorr  .         Harm     .     (gloves unavailable)
MR     .....                    (boots unavailable)
Stlth  +.........               (no amulet)
                                (no ring)
                                g - ring of protection from cold (curse)

@: no status effects
A: unfitting armour, claws 3, fast metabolism 3, gourmand, regeneration 1,
shaggy fur 1, tough skin 2
a: Renounce Religion


You were on level 3 of the Dungeon.
You worshipped Okawaru.
Okawaru was noncommittal.
You were not hungry.

You visited 1 branch of the dungeon, and saw 3 of its levels.

You collected 31 gold pieces.

Inventory:

Armour
 a - a +0 robe (worn)
 b - a +0 shield (worn)
Jewellery
 g - a cursed ring of protection from cold (left claw)
Scrolls
 e - a scroll of recharging {unknown}
 f - a scroll of identify {unknown}
 j - a scroll of random uselessness {unknown}
Potions
 c - a potion of might
 h - 2 potions of curing {unknown}
Comestibles
 d - 3 bread rations
 i - 2 meat rations


   Skills:
 + Level 2.8 Fighting
 + Level 2.9 Dodging
 - Level 2.4 Shields
 * Level 3.4 Unarmed Combat


You had 3 spell levels left.
You didn't know any spells.

Dungeon Overview and Level Annotations

Branches:
Dungeon (3/15)

Altars:
Okawaru
Qazlal


Innate Abilities, Weirdness & Mutations

You are too large for most types of armour.
You have claws for hands.
Your metabolism is lightning-fast.
You like to eat raw meat.
Your natural rate of healing is unusually fast.
You are covered in fur. (AC +1)
You have very tough skin. (AC +2)


Message History

You claw the orc!
You kill the orc!
Okawaru accepts your kill. The orc hits you with a club.
You block the orc's attack.
You closely miss the orc. The orc barely misses you.
The orc hits you with a flail.
You barely miss the orc. You block the orc's attack.
You closely miss the orc. You block the orc's attack.
The orc hits you but does no damage.
You scratch the orc.
The orc is moderately wounded.
The orc barely misses you. The orc hits you with a club.
* * * LOW HITPOINT WARNING * * *
You are too injured to fight recklessly!
You scratch the orc.
The orc is lightly wounded.
The orc hits you with a flail!
* * * LOW HITPOINT WARNING * * *
The orc hits you with a club.
You die...

..................
.####.....#.......
#.....#...#
##........##
#.....(...#
##.....(...#
............#
...#####o...# ....
#<.)@...#
........[o####
.........
....#.....
...........
...........$
........#####
........


You could see 2 orcs.

Vanquished Creatures
  An orc priest (D:3)
  An adder (D:2)
  A dart slug (D:1)
  A leopard gecko (D:2)
  3 orcs (D:3)
  2 giant cockroaches (D:1)
  2 goblins
  4 hobgoblins
  3 kobolds
  A quokka (D:3)
  3 bats
  6 rats
28 creatures vanquished.

Notes
Turn   | Place    | Note
-------+----------+-------------------------------------------
     0 | D:1      | theAP the Troll Fighter began the quest for the Orb.
     0 | D:1      | Reached XP level 1. HP: 22/22 MP: 0/0
   142 | D:1      | Reached XP level 2. HP: 29/29 MP: 1/1
   845 | D:2      | Reached XP level 3. HP: 35/36 MP: 2/2
  1023 | D:2      | Found a stormy altar of Qazlal.
  1026 | D:2      | Found an iron altar of Okawaru.
  1034 | D:2      | Became a worshipper of Warmaster Okawaru
  1257 | D:3      | Reached skill level 3 in Unarmed Combat
  1283 | D:3      | Reached XP level 4. HP: 32/44 MP: 3/3
  1297 | D:3      | Slain by an orc

Skill      XL: |  1  2  3 |
---------------+----------+-----
Unarmed Combat | 3 |  3.4
Fighting       | |  2.8
Dodging        | |  2.9
Shields        | |  2.4

Action                   |  1- 3 |  4- 6 || total
-------------------------+-------+-------++-------
Melee: Unarmed           |    73 |    14 ||    87
  Eat: Chunk             |     9 |       ||     9
Armor: Robe              |    20 |     5 ||    25
Dodge: Dodged            |    25 |     5 ||    30
Block: Shield            |    31 |    13 ||    44
